Map: Central Protocol

Players

MarineLorD

  • Race: Terran Terran
  • League: Grandmaster

Happy - Winner!

  • Race: Terran Terran
  • League: Grandmaster

Event: 2016 WCS Winter Challenger Europe

VOD

Have the link to the VOD?

Description

Time

  • Played on: Feb. 14, 2016, 12:05 p.m.
  • Length: 11:57

All games in this series

Show
View Real Time Build Order
Export as new Build Order

MarineLorD Terran 

Build Orders: Bio Tank 

Get SALT Encoding   

  12  0:00  SCV  
  13  0:12  SCV  
  14  0:17  Supply Depot  
  14  0:24  SCV  
  15  0:38  SCV  
  15  0:40  Barracks  
  16  0:44  Refinery  
  16  0:50  SCV  
  16  0:53  Refinery  
  17  1:03  SCV  
  18  1:11  Barracks  
  18  1:15  SCV  
  19  1:27  Reaper  
  19  1:32  Orbital Command  
  20  1:46  Factory  
  20  1:57  Supply Depot  
  20  1:59  Reaper  
  21  2:05  Reaper  
  22  2:10  SCV  
  23  2:23  SCV  
  23  2:29  Hellion  
  26  2:31  Starport  
  26  2:34  Reaper  
  26  2:37  SCV  
  28  2:40  Reaper  
  29  2:47  Supply Depot  
  29  2:52  Hellion  
  29  2:58  Supply Depot  
  31  3:09  Medivac, Reaper  
  34  3:13  Reaper  
  34  3:17  SCV  
  36  3:20  Hellion  
  38  3:29  SCV  
  38  3:33  Supply Depot  
  39  3:39  Viking  
  39  3:41  SCV  
  42  3:45  Factory Tech Lab  
  42  3:46  Marine x2  
  44  3:53  SCV  
  45  4:05  SCV  
  45  4:06  Cyclone, Marine x2  
  51  4:17  SCV  
  50  4:32  SCV  
  50  4:34  Command Center  
  47  4:44  SCV  
  44  4:51  Marine x2  
  46  4:56  SCV  
  40  5:08  SCV  
  40  5:10  Siege Tank, Starport Reactor  
  40  5:11  Barracks Reactor  
  40  5:13  Barracks Tech Lab  
  44  5:20  SCV  
  45  5:32  SCV, Marine  
  45  5:34  Barracks, Stimpack  
  47  5:42  Siege Tank  
  50  5:44  SCV  
  50  5:46  Orbital Command  
  50  5:49  Refinery, Marine  
  52  5:51  Marine  
  52  5:52  Marine  
  52  5:57  SCV  
  55  6:01  Supply Depot  
  55  6:09  SCV  
  55  6:10  Marine x3  
  59  6:13  SCV  
  59  6:17  Siege Tank  
  59  6:18  Engineering Bay  
  63  6:22  SCV  
  63  6:23  Barracks Reactor  
  63  6:25  SCV  
  65  6:28  Marine x2  
  64  6:34  SCV  
  64  6:37  SCV  
  65  6:41  Marine  
  65  6:46  Marine x2  
  67  6:49  SCV  
  69  6:58  Marine  
  69  6:59  Marine x2  
  72  7:04  Marine x2  
  74  7:08  Terran Infantry Weapons Level 1, Barracks  
  74  7:09  Siege Tank  
  74  7:10  Barracks  
  74  7:15  Supply Depot  
  77  7:16  Marine  
  77  7:17  Supply Depot  
  77  7:19  Medivac x2, Marine x2  
  84  7:24  Marine x2  
  86  7:30  Refinery  
  86  7:35  Supply Depot, Combat Shields  
  86  7:36  Marine  
  87  7:37  Marine x2  
  87  7:42  Marine x2  
  91  7:46  Siege Tank  
  94  7:54  Medivac, Marine  
  94  7:55  Marine  
  94  7:57  Marine  
  99  8:00  Barracks Reactor  
  99  8:01  Barracks Reactor  
  99  8:02  SCV  
  100  8:07  Supply Depot  
  100  8:11  Supply Depot  
  100  8:12  Marine x2  
  102  8:14  Marine  
  103  8:22  Siege Tank  
  103  8:26  Medivac  
  108  8:29  Medivac  
  108  8:30  Marine  
  108  8:32  Marine  
  111  8:35  Marine  
  111  8:41  Marine x2  
  113  8:42  Marine  
  115  8:48  Supply Depot x2  
  115  8:50  Marine  
  115  8:53  Marine  
  115  8:54  Siege Tank  
  120  8:56  Marine  
  120  8:58  Supply Depot  
  120  9:02  Marine x2  
  122  9:03  Terran Infantry Armor Level 1  
  122  9:04  Marine  
  122  9:06  Marine x2  
  125  9:12  Marine  
  125  9:14  Marine  
  127  9:21  Marine x2  
  127  9:22  Marine  
  127  9:23  Marine  
  114  9:26  Siege Tank  
  114  9:27  Marine  
  114  9:28  Marine  
  114  9:29  Marine  
  114  9:30  Marine  
  96  9:32  Marine  
  94  9:42  Marine  
  84  9:48  Marine  
  44  11:07  Marine  
  44  11:10  Marine  
  46  11:24  Marine  
  47  11:28  Marine  
Show
View Real Time Build Order
Export as new Build Order

Happy Terran - Winner!

Build Orders: 1/1/1, Cyclone Opening, Bio Tank 

Get SALT Encoding   

  12  0:00  SCV  
  13  0:13  SCV  
  14  0:18  Supply Depot  
  14  0:25  SCV  
  15  0:28  Refinery  
  15  0:39  SCV  
  16  0:45  Barracks  
  16  0:51  SCV  
  16  0:55  Refinery  
  17  1:03  SCV  
  18  1:15  SCV  
  19  1:28  SCV  
  20  1:33  Reaper  
  20  1:34  Factory  
  21  1:40  Orbital Command  
  21  1:48  Supply Depot  
  21  2:05  Reaper  
  21  2:06  SCV  
  23  2:18  Hellion, Starport  
  23  2:19  SCV  
  26  2:26  Supply Depot  
  26  2:31  SCV  
  27  2:37  Barracks Reactor  
  27  2:40  Factory Tech Lab  
  27  2:44  SCV  
  28  2:57  SCV  
  29  2:58  Cyclone  
  29  3:04  Supply Depot  
  32  3:08  Medivac  
  32  3:09  SCV  
  35  3:14  Marine x2  
  37  3:33  Command Center  
  37  3:34  Marine x2  
  39  3:45  Siege Tank  
  42  3:51  Marine  
  42  3:52  Viking  
  45  4:01  Supply Depot  
  45  4:02  SCV  
  46  4:12  Engineering Bay  
  46  4:23  Siege Tank, Viking  
  50  4:28  SCV  
  48  4:47  Orbital Command  
  48  4:50  Missile Turret  
  48  4:54  Widow Mine  
  46  5:04  SCV  
  47  5:08  Barracks  
  47  5:09  Barracks  
  47  5:15  SCV  
  47  5:16  SCV  
  49  5:23  Marine x2  
  49  5:27  SCV  
  49  5:28  SCV  
  53  5:31  Siege Tank  
  56  5:38  Starport Reactor  
  56  5:39  SCV  
  56  5:41  Supply Depot, SCV  
  58  5:44  Terran Infantry Weapons Level 1  
  58  5:51  SCV  
  58  5:54  SCV  
  58  5:55  Supply Depot, Marine x2  
  58  5:56  Barracks Tech Lab  
  62  5:58  Barracks Tech Lab  
  62  6:03  Refinery x2, SCV  
  63  6:06  SCV  
  67  6:15  SCV  
  67  6:16  Stimpack  
  69  6:18  SCV  
  69  6:21  Combat Shields, Marine  
  69  6:22  Supply Depot  
  67  6:27  SCV  
  64  6:35  Marine  
  64  6:36  Siege Tank, SCV, Marine x2  
  64  6:39  SCV  
  72  6:40  Marine  
  72  6:44  Barracks  
  73  6:48  SCV  
  73  6:49  Barracks  
  73  6:51  SCV  
  75  6:54  Marine x2  
  75  6:56  Medivac  
  75  6:59  Medivac  
  81  7:02  Marine x2  
  83  7:11  Supply Depot  
  83  7:12  Marine x2  
  83  7:13  Siege Tank  
  88  7:20  Marine  
  88  7:22  Supply Depot  
  87  7:24  Marine  
  88  7:33  Command Center  
  88  7:38  Barracks Reactor  
  88  7:39  Barracks Reactor  
  88  7:41  Marine x2  
  88  7:44  Marine x2  
  90  7:45  Medivac  
  90  7:48  SCV  
  93  7:53  Siege Tank  
  96  7:59  Marine x2  
  96  8:01  Marine  
  96  8:03  Factory  
  99  8:05  Barracks  
  99  8:09  SCV  
  100  8:14  Missile Turret  
  100  8:16  Supply Depot, Missile Turret, Marine x2  
  100  8:18  Missile Turret  
  102  8:20  Marine  
  102  8:23  SCV x2  
  102  8:24  Terran Infantry Armor Level 1  
  105  8:31  Marine x2  
  105  8:32  Medivac  
  109  8:35  Marine  
  109  8:37  SCV, Marine  
  112  8:45  Planetary Fortress  
  112  8:46  SCV  
  113  8:49  Factory Tech Lab, SCV  
  113  8:51  Siege Tank  
  113  8:55  Marine x2  
  118  9:04  Marine x2  
  118  9:09  Siege Tank, Marine x2  
  125  9:14  Marine  
  125  9:22  Marine  
  125  9:23  Siege Tank, Marine  
  130  9:29  Marine x2  
  130  9:30  Medivac  
  130  9:31  Marine  
  122  9:42  Marine x2  
  122  9:44  Marine x2  
  105  9:49  Marine  
  52  10:21  SCV  
  52  10:23  Supply Depot x2  
  52  10:33  SCV  
  53  10:45  SCV  
  53  10:48  Supply Depot  
  54  10:57  SCV, Marine  
  54  10:59  Factory Tech Lab, Orbital Command  
  56  11:07  Supply Depot  
  56  11:09  Supply Depot, SCV, Marine  
  56  11:10  Supply Depot  
Tags
 
Add a new tag
Caveats
  • Supply blocks, unpowered buildings, or Contaminate may cause inaccurate times.
  • Supply counts are checked every 10 seconds.